 Dungeon Crawl Stone Soup version 0.19.1 (webtiles) character file.

218149 Kit the Severer (level 18, -9/170 HPs)
             Began as a Minotaur Fighter on Dec 3, 2016.
             Was the Champion of Okawaru.
             Killed from afar by a deep elf sorcerer (48 damage)
             ... with damnation
             ... on level 3 of the Elven Halls on Dec 6, 2016.
             The game lasted 02:34:48 (37055 turns).

Kit the Severer (Minotaur Fighter)                 Turns: 37055, Time: 02:34:49

Health: -9/170     AC: 36    Str: 40    XL:     18   Next: 41%
Magic:  22/22      EV: 17    Int:  5    God:    Okawaru [******]
Gold:   1871       SH: 17    Dex: 15    Spells: 2 memorised, 13 levels left

rFire  + + +     SeeInvis .     Q - +6 hand axe of Earthquakes {chop, Str+4}
rCold  + + +     Gourm    .     O - +1 crystal plate armour of the Eternal Void {rF+ rC+}
rNeg   . . .     Faith    +     c - +0 shield
rPois  +         Spirit   .     b - +2 hat of Rez Fei {+Inv rC+ Dex+3}
rElec  +         Reflect  .     g - +1 cloak {MR+}
rCorr  .         Harm     .     q - +0 pair of gloves of the Blizzard {+Blink rF++ MR+}
MR     +++..                    S - +0 pair of boots
Stlth  ..........               G - amulet of faith
                                n - ring of protection from cold
                                a - ring of Activism {rElec rPois Str+7}

@: no status effects
A: retaliatory headbutt, horns 2, icy blue scales 1, thin skeletal structure 1,
high mp 1
a: Heroism, Finesse, Renounce Religion, Evoke Blink, Evoke Invisibility
}: 1/15 runes: decaying


You were on level 3 of the Elven Halls.
You worshipped Okawaru.
Okawaru was exalted by your worship.
You were hungry.

You visited 6 branches of the dungeon, and saw 31 of its levels.
You also visited: Labyrinth, Ossuary and Ice Cave.

You collected 3193 gold pieces.
You spent 1322 gold pieces at shops.

Inventory:

Hand Weapons
 Q - the +6 hand axe of Earthquakes (weapon) {chop, Str+4}
   (You found it in a labyrinth)

   It inflicts extra damage upon your enemies.
   It affects your strength (+4).
 R - a +9 broad axe of electrocution
Armour
 b - the +2 hat of Rez Fei (worn) {+Inv rC+ Dex+3}
   (Okawaru gifted it to you on level 11 of the Dungeon)

   It affects your dexterity (+3).
   It protects you from cold.
   It lets you turn invisible.
 c - a +0 shield (worn)
 g - a +1 cloak of magic resistance (worn)
 q - the +0 pair of gloves of the Blizzard (worn) {+Blink rF++ MR+}
   (You found it in an ice cave)

   It greatly protects you from fire.
   It affects your resistance to hostile enchantments.
   It lets you blink.
 z - the +0 chain mail of Immorality {rF++}
   (You found it on level 2 of the Lair of Beasts)

   It greatly protects you from fire.
 H - the +7 chain mail of Somewhere Else {+Fly SInv}
   (Okawaru gifted it to you on level 3 of the Lair of Beasts)

   It lets you see invisible.
   It lets you fly.
 O - the +1 crystal plate armour of the Eternal Void (worn) {rF+ rC+}
   (Okawaru gifted it to you on level 3 of the Elven Halls)

   It protects you from fire.
   It protects you from cold.
 S - a +0 pair of boots (worn)
Jewellery
 a - the ring of Activism (left hand) {rElec rPois Str+7}
   (You acquired it on level 15 of the Dungeon)

   [ring of poison resistance]

   It affects your strength (+7).
   It insulates you from electricity.
   It protects you from poison.
 n - a ring of protection from cold (right hand)
 G - an amulet of faith (around neck)
Wands
 v - a wand of digging (6/24)
 K - a wand of heal wounds (2/9)
Scrolls
 e - 5 scrolls of recharging
 h - 4 scrolls of enchant armour
 k - a scroll of blinking
 l - 6 scrolls of fog
 o - 10 scrolls of teleportation
 r - 3 scrolls of magic mapping
 t - 5 scrolls of enchant weapon
 w - 4 scrolls of fear
 E - 13 scrolls of remove curse
 J - 10 scrolls of amnesia
 M - 4 scrolls of immolation
 N - a scroll of holy word {unknown}
 P - 2 scrolls of brand weapon
 U - a scroll of silence
Potions
 d - 4 potions of might
 i - a potion of invisibility
 j - 5 potions of brilliance
 m - 3 potions of haste
 p - 11 potions of curing
 s - 4 potions of heal wounds
 u - 4 potions of agility
 A - 8 potions of flight
 B - a potion of cancellation
 C - a potion of ambrosia
 F - 5 potions of magic
 L - 5 potions of berserk rage
 X - 3 potions of cure mutation
Miscellaneous
 y - a box of beasts
 D - a phial of floods
Comestibles
 f - 8 bread rations
 x - 8 meat rations
 I - 4 fruits
 Y - 20 royal jellies


   Skills:
 + Level 17.2 Fighting
 - Level 19.0 Axes
 + Level 16.9 Armour
 + Level 15.4 Dodging
 * Level 17.4 Shields
 + Level 4.0 Evocations


You had 13 spell levels left.
You knew the following spells:

 Your Spells              Type           Power        Failure   Level  Hunger
a - Repel Missiles        Chrm/Air       #.....       100%        2    ###....
b - Swiftness             Chrm/Air       #.......     100%        2    ###....


Dungeon Overview and Level Annotations

Branches:
Dungeon (15/15)            Temple (1/1) D:5            Lair (6/6) D:8
  Swamp (4/4) Lair:3       Spider (0/4) Lair:3        Slime (0/5) Lair:5
    Orc (2/2) D:9             Elf (3/3) Orc:2        Vaults (0/5) D:13
 Depths (0/5) D:15

Altars:
Ashenzari
Cheibriados
Dithmenos
Elyvilon
Fedhas
Gozag
Hepliaklqana
Kikubaaqudgha
Makhleb
Nemelex Xobeh
Okawaru
Qazlal
Ru
Sif Muna
Trog
Uskayaw
Vehumet
Xom
Yredelemnul
Zin
The Shining One
Beogh

Shops:
D:6 }   D:7 *   D:13 (   Orc:1 (   Orc:2 }![(   Elf:2 [(==(   Elf:3 ?

Annotations:
Swamp:2 exclusion: 2 oklob plants
Elf:3 Saint Roka


Innate Abilities, Weirdness & Mutations

You reflexively headbutt those who attack you in melee.
You have a pair of horns on your head.
You are partially covered in icy blue scales. (AC +2)
You have a somewhat thin skeletal structure. (Dex +2, Stealth)
You have an increased reservoir of magic. (+10% MP)


Message History

You kill the deep elf sorcerer!
Okawaru accepts your kill.
The deep elf sorcerer casts a spell.
The deep elf sorcerer seems to speed up.
Things that are here:
a long sword; a ring mail The deep elf sorcerer points at you and mumbles some strange words.
The bolt of acid hits you!
You are splashed with acid!
The acid burns!
* * * LOW HITPOINT WARNING * * *
The deep elf sorcerer points at you and mumbles some strange words.
The sphere of damnation explodes!
The damnation engulfs you!
* * * LOW HITPOINT WARNING * * *
You hear a shout! x4
Evoke which item? (* to show all) (? for menu, Esc to quit)
Zapping:
K - a wand of heal wounds (3/9)
Press: ? - help, Shift-Dir - straight line, f - you You feel much better.
This wand has 2 charges left.
The deep elf sorcerer casts a spell at you.
The sphere of damnation explodes!
The damnation engulfs you!
You die...

#####.#
#.#.e.#####.
#.#.o.......
#..T........ ###
##.e...###### ..#
#.)).....## #.#
##..)........ #.#
##.........### ##
#.## #@.......#.#
#.
#.####.......##.#
#.
#...............#
#.##
##.####....#######
#.## ##.## #....#
##.## ##.## ####.#
##.###.## +#
##..∩## ##...##


You could see a deep elf blademaster, a deep elf sorcerer, a troll and an orc.

Vanquished Creatures
  Mara (Elf:3)
  The ghost of dvd the Severer, an adept MiFi of Qazlal (Elf:1)
  A deep elf blademaster (Elf:2)
  Kirke (D:14)
  6 thorn hunters
  2 tengu reavers (D:12)
  5 deep elf sorcerers
  An orc warlord (Orc:2)
  A very ugly thing (Swamp:4)
  Azrael (D:15)
  A fire dragon (D:14)
  2 ettins (D:12)
  A minotaur (Lab)
  A blizzard demon (IceCv)
  2 deep elf high priests
  Josephine (D:11)
  26 hydras
  3 ogre magi
  Fannar (Lair:3)
  Erolcha (D:11)
  6 centaur warriors
  2 ghost crabs
  29 dancing weapons
  A tengu warrior (D:14)
  12 alligators
  3 death yaks (Lair:6)
  A spriggan berserker (Swamp:3)
  Nergalle (Orc:2)
  15 deep elf knights
  9 swamp dragons
  2 wizards
  10 deep elf archers
  7 unseen horrors
  A spriggan druid (Swamp:4)
  4 shambling mangroves
  6 hill giants
  45 deep elf magi
  An orc knight (Orc:2)
  A wolf spider (Lair:3)
  8 cyclopes
  A manticore (D:14)
  13 ugly things
  10 orc sorcerers
  3 centaur zombies
  Maurice (Orc:2)
  A guardian serpent (shapeshifter) (D:15)
  2 black mambas
  5 centaur skeletons
  2 elephants (Lair:6)
  2 ice statues (IceCv)
  21 spiny frogs
  A yaktaur (D:15)
  7 rime drakes
  A komodo dragon (shapeshifter) (D:15)
  An efreet (D:14)
  14 ice devils (IceCv)
  A tengu conjurer (D:14)
  9 komodo dragons
  4 tyrant leeches
  A harpy skeleton (D:15)
  10 trolls
  2 queen bees
  4 two-headed ogres
  A polar bear (Lair:6)
  A two-headed ogre (shapeshifter) (D:15)
  A polar bear (shapeshifter) (D:13)
  22 hornets
  5 blink frogs
  9 bog bodies
  A blink frog (shapeshifter) (D:15)
  10 slime creatures
  10 hippogriffs
  2 dream sheep (Lair:6)
  4 vampires
  5 shadows
  2 wyverns
  30 yaks
  6 basilisks
  11 spriggans
  5 wraiths
  7 fire elementals
  6 hogs (D:14)
  A hungry ghost (D:12)
  A water elemental (Elf:1)
  A steam dragon (D:8)
  18 vampire mosquitoes
  Edmund (D:6)
  A mottled dragon (D:15)
  20 swamp worms
  A warg (Orc:2)
  14 water moccasins
  2 hell hounds (D:15)
  21 orc warriors
  8 porcupines
  17 swamp drakes
  6 ice beasts
  6 sky beasts
  2 black bears
  4 phantoms
  3 necrophages
  2 hornet zombies
  5 boggarts
  An eye of draining (shapeshifter) (D:15)
  14 ogres
  16 centaurs
  18 wolves
  21 crocodiles
  2 big kobolds
  Blork the orc (D:6)
  22 bullfrogs
  2 gnoll sergeants
  8 scorpions
  A wyvern skeleton (D:11)
  38 killer bees
  A spriggan skeleton (Lab)
  8 wights
  15 jellies
  4 lava snakes (Lab)
  9 crimson imps
  A bullfrog zombie (D:13)
  10 hounds
  9 orc priests
  Crazy Yiuf (D:2)
  16 two-headed ogre zombies (D:11)
  6 bullfrog skeletons
  38 orc wizards
  8 iguanas
  10 worker ants
  A bullfrog simulacrum (D:12)
  3 hound skeletons
  2 hound zombies
  2 worker ant zombies
  12 mummies (Ossuary)
  9 gnolls
  11 adders
  4 shadow imps
  9 white imps (IceCv)
  6 ufetubi (IceCv)
  2 oozes
  An adder skeleton (D:7)
  2 worms (D:3)
  A dart slug (D:5)
  4 leopard geckos
  76 orcs
  6 giant cockroaches
  8 goblins
  7 hobgoblins
  18 jackals
  3 quokkas
  A ball python (D:1)
  A ball python skeleton (D:6)
  6 bats
  3 frilled lizards
  2 goblin skeletons (Ossuary)
  3 jackal skeletons
  35 kobolds
  5 kobold skeletons (Ossuary)
  An orc skeleton (Ossuary)
  A quokka skeleton (D:6)
  6 rats
  11 rat skeletons (Ossuary)
  A rat zombie (D:6)
  A spectral orc (D:5)
  A briar patch (Swamp:3)
  A fungus (Lair:6)
  6 plants
1163 creatures vanquished.

Vanquished Creatures (collateral kills)
  A hydra (Lair:6)
1 creature vanquished.

Vanquished Creatures (others)
  A deep elf knight (Elf:1)
  A boggart (Elf:1)
  A jelly (D:12)
  2 ufetubi (IceCv)
  11 briar patches
  23 fungi
  10 plants
49 creatures vanquished.

Grand Total: 1213 creatures vanquished

Notes
Turn   | Place    | Note
-------+----------+-------------------------------------------
     0 | D:1      | Kit the Minotaur Fighter began the quest for the Orb.
     0 | D:1      | Reached XP level 1. HP: 19/19 MP: 0/0
    80 | D:1      | Reached XP level 2. HP: 24/27 MP: 1/1
   109 | D:1      | Reached skill level 3 in Axes
   196 | D:1      | Found a shattered altar of Ashenzari.
   713 | D:2      | Reached XP level 3. HP: 33/33 MP: 2/2
   787 | D:2      | Found a deep blue altar of Sif Muna.
   790 | D:2      | Found a shimmering altar of Xom.
   800 | D:2      | Found a glowing silver altar of Zin.
   814 | D:2      | Found a hide-covered altar of Uskayaw.
   879 | D:2      | Found a white marble altar of Elyvilon.
   975 | D:2      | Found a runed door.
  1306 | D:2      | Noticed Crazy Yiuf
  1309 | D:2      | Killed Crazy Yiuf
  1309 | D:2      | Reached skill level 1 in Dodging
  1309 | D:2      | Reached XP level 4. HP: 36/40 MP: 3/3
  2374 | D:3      | Reached XP level 5. HP: 43/47 MP: 4/4
  2463 | D:3      | Reached skill level 4 in Axes
  2794 | D:3      | Found a radiant altar of Vehumet.
  3439 | D:4      | Noticed an ogre
  3448 | D:4      | Killed an ogre
  3448 | D:4      | Reached skill level 5 in Armour
  3448 | D:4      | Reached skill level 5 in Shields
  3448 | D:4      | Reached XP level 6. HP: 23/55 MP: 5/5
  3702 | D:4      | Reached skill level 5 in Fighting
  4618 | D:5      | Entered Level 5 of the Dungeon
  4862 | D:5      | Reached XP level 7. HP: 56/61 MP: 6/6
  4879 | D:5      | Reached skill level 5 in Axes
  5031 | D:5      | Found a basalt altar of Yredelemnul.
  5050 | D:5      | Found a staircase to the Ecumenical Temple.
  5097 | Temple   | Entered the Ecumenical Temple
  5537 | Temple   | Became a worshipper of Warmaster Okawaru
  5787 | D:6      | Noticed Blork the orc
  5797 | D:6      | Killed Blork the orc
  5797 | D:6      | Reached XP level 8. HP: 51/70 MP: 7/7
  5933 | D:6      | Reached skill level 6 in Axes
  6122 | D:6      | Found a sand-covered staircase.
  6133 | Ossuary  | Entered an ossuary
  6634 | D:6      | Noticed Edmund
  6645 | D:6      | Killed Edmund
  6645 | D:6      | Reached * piety under Okawaru
  6654 | D:6      | Reached skill level 7 in Axes
  6675 | D:6      | Found Wittemu's Quality Used Wands.
  7792 | D:7      | Noticed a hippogriff
  7798 | D:7      | Killed a hippogriff
  7798 | D:7      | Reached ** piety under Okawaru
  7798 | D:7      | Reached skill level 5 in Dodging
  7798 | D:7      | Reached XP level 9. HP: 74/79 MP: 8/8
  7876 | D:7      | Found Cariakergh's Assorted Antiques.
  7879 | D:7      | Bought a pair of glowing gloves for 346 gold pieces
  7933 | D:7      | Reached skill level 8 in Axes
  8308 | D:8      | Noticed a hill giant
  8429 | D:7      | Killed a hill giant
  8429 | D:7      | Reached *** piety under Okawaru
  8429 | D:7      | Reached skill level 9 in Axes
  8613 | D:8      | Reached **** piety under Okawaru
  8783 | D:8      | Found a burning altar of Makhleb.
  8808 | D:8      | Reached XP level 10. HP: 88/88 MP: 9/9
  9036 | D:8      | Found a staircase to the Lair.
  9377 | D:9      | Reached skill level 10 in Axes
  9471 | D:10     | Entered Level 10 of the Dungeon
  9593 | D:9      | Reached ***** piety under Okawaru
  9795 | D:9      | Found a staircase to the Orcish Mines.
  9888 | D:9      | Received a gift from Okawaru
  9891 | D:9      | Got a scorched battleaxe {god gift}
  9899 | D:9      | Identified the +7 battleaxe "Syanlub" {chop, Int+6} (Okawaru gifted it to you on level 9 of the Dungeon)
  9945 | D:9      | Reached skill level 11 in Axes
 10669 | D:10     | Reached XP level 11. HP: 88/97 MP: 10/10
 10886 | D:10     | Got a faintly humming robe
 10897 | D:10     | Identified the +2 robe "Qiroeg" {rC+ Regen+ Int-3} (You found it on level 10 of the Dungeon)
 10972 | D:11     | Noticed Josephine
 10982 | D:11     | Killed Josephine
 10982 | D:11     | Received a gift from Okawaru
 10992 | D:11     | Got an ichor-stained hat {god gift}
 11150 | D:10     | Identified the +2 hat of Rez Fei {+Inv rC+ Dex+3} (Okawaru gifted it to you on level 11 of the Dungeon)
 11359 | D:11     | Reached skill level 12 in Axes
 11613 | D:11     | Reached skill level 10 in Armour
 11621 | D:11     | Reached skill level 10 in Fighting
 11744 | D:11     | Noticed Erolcha
 11798 | D:11     | Killed Erolcha
 12098 | D:11     | Noticed a six-headed hydra
 12133 | D:11     | Killed a 13-headed hydra
 12210 | Orc:1    | Entered Level 1 of the Orcish Mines
 12330 | Orc:1    | Found Viebyseo's Weapon Boutique.
 12337 | Orc:1    | Reached ****** piety under Okawaru
 12389 | Orc:1    | Reached skill level 13 in Axes
 12526 | Orc:2    | Entered Level 2 of the Orcish Mines
 12540 | Orc:2    | Found a roughly hewn altar of Beogh.
 12559 | Orc:2    | Found a staircase to the Elven Halls.
 12632 | Orc:2    | Found a roughly hewn altar of Beogh.
 12694 | Orc:2    | Noticed Maurice
 12704 | Orc:2    | Killed Maurice
 12704 | Orc:2    | Reached XP level 12. HP: 85/108 MP: 11/11
 13156 | Orc:2    | Received a gift from Okawaru
 13344 | Orc:2    | Found an ancient bone altar of Kikubaaqudgha.
 13346 | Orc:2    | Noticed Nergalle
 13357 | Orc:2    | Killed Nergalle
 13457 | Orc:2    | Found Mieckah's Distillery.
 13470 | Orc:2    | Noticed an ogre mage
 13473 | Orc:2    | Noticed an ogre mage
 13477 | Orc:2    | Reached skill level 14 in Axes
 13482 | Orc:2    | Killed an ogre mage
 13482 | Orc:2    | Received a gift from Okawaru
 13486 | Orc:2    | Killed an ogre mage
 13614 | Orc:2    | Found a roughly hewn altar of Beogh.
 13614 | Orc:2    | Found Xintebla's Antique Weapon Shop.
 13624 | Orc:2    | Found Wioxzoso's Gadget Boutique.
 13723 | Orc:2    | Bought a potion of flight for 39 gold pieces
 13723 | Orc:2    | Bought a potion of flight for 39 gold pieces
 13723 | Orc:2    | Bought a potion of cancellation for 104 gold pieces
 13723 | Orc:2    | Bought a potion of mutation for 32 gold pieces
 13738 | Orc:2    | Found Gywkuc's Antique Armour Shop.
 13767 | Orc:2    | Found a radiant altar of Vehumet.
 13857 | Orc:2    | Noticed an orc warlord
 13886 | Orc:2    | Killed an orc warlord
 13887 | Orc:2    | Reached skill level 10 in Dodging
 14307 | Orc:1    | Bought the cursed +1 hand axe of Daishraka {vamp, rPois MR+ Str+3 Int+4} for 680 gold pieces
 14439 | Lair:1   | Entered Level 1 of the Lair of Beasts
 14764 | Lair:1   | Reached skill level 15 in Axes
 15011 | Lair:1   | Reached XP level 13. HP: 114/118 MP: 12/12
 15540 | Lair:2   | Identified the Incunabulum of Glacial Confrontation
 16095 | Lair:2   | Got a warped chain mail
 16106 | Lair:2   | Identified the cursed +0 chain mail of Immorality {rF++} (You found it on level 2 of the Lair of Beasts)
 16124 | Lair:3   | Noticed Fannar
 16145 | Lair:3   | Killed Fannar
 16233 | Lair:3   | Received a gift from Okawaru
 16262 | Lair:3   | Got a faintly humming chain mail {god gift}
 16273 | Lair:3   | Identified the +7 chain mail of Somewhere Else {+Fly SInv} (Okawaru gifted it to you on level 3 of the Lair of Beasts)
 16397 | Lair:3   | Got a transparent ring mail
 16409 | Lair:3   | Identified the cursed +1 ring mail of Pan-Flutes {Stlth+} (You found it on level 3 of the Lair of Beasts)
 16591 | Lair:3   | Reached skill level 10 in Shields
 16724 | Lair:3   | Found a hole to the Spider Nest.
 16762 | Lair:3   | Found a staircase to the Swamp.
 18115 | Lair:5   | Got a bloodstained leather armour
 18126 | Lair:5   | Identified the +3 leather armour of Nutou {rN+ Str+5 Slay+3} (You found it on level 5 of the Lair of Beasts)
 18467 | Lair:5   | Found a staircase to the Slime Pits.
 18546 | Lair:5   | Received a gift from Okawaru
 18651 | Lair:5   | Reached skill level 16 in Axes
 18888 | Lair:6   | Entered Level 6 of the Lair of Beasts
 19115 | Lair:6   | Reached XP level 14. HP: 122/129 MP: 13/13
 19150 | Lair:6   | Received a gift from Okawaru
 19526 | Lair:6   | Got a jewelled flail
 20190 | Swamp:1  | Entered Level 1 of the Swamp
 20795 | Swamp:1  | Reached skill level 17 in Axes
 21100 | Swamp:2  | Received a gift from Okawaru
 21124 | Swamp:2  | Noticed a thorn hunter
 21146 | Swamp:2  | Killed a thorn hunter
 21450 | Swamp:2  | Noticed a thorn hunter
 21488 | Swamp:2  | Killed a thorn hunter
 21564 | Swamp:2  | Noticed a thorn hunter
 21601 | Swamp:2  | Killed a thorn hunter
 21601 | Swamp:2  | Received a gift from Okawaru
 22218 | Swamp:2  | Paralysed by a hornet for 1 turns
 23037 | Swamp:3  | Noticed a thorn hunter
 23055 | Swamp:3  | Killed a thorn hunter
 23110 | Swamp:3  | Received a gift from Okawaru
 23110 | Swamp:3  | Reached XP level 15. HP: 103/137 MP: 14/14
 23296 | Swamp:3  | Gained mutation: You have an increased reservoir of magic. (+10% MP) [potion of beneficial mutation]
 23297 | Swamp:3  | Gained mutation: You are partially covered in icy blue scales. (AC +2) [potion of beneficial mutation]
 23298 | Swamp:3  | Gained mutation: You have a somewhat thin skeletal structure. (Dex +2, Stealth) [potion of beneficial mutation]
 23410 | Swamp:3  | Reached skill level 18 in Axes
 23463 | Swamp:3  | Received a gift from Okawaru
 23967 | Swamp:3  | Learned a level 2 spell: Repel Missiles
 23970 | Swamp:3  | Learned a level 2 spell: Swiftness
 24130 | Swamp:3  | Noticed a thorn hunter
 24165 | Swamp:3  | Killed a thorn hunter
 24615 | Swamp:4  | Entered Level 4 of the Swamp
 24816 | Swamp:4  | Received a gift from Okawaru
 24856 | Swamp:4  | Got a heavily runed chain mail
 24867 | Swamp:4  | Identified the +0 chain mail "Kuthraor" {rPois rF+ rN++ Str-5} (You found it on level 4 of the Swamp)
 25391 | Swamp:4  | Noticed a thorn hunter
 25410 | Swamp:4  | Killed a thorn hunter
 26505 | Swamp:4  | Received a gift from Okawaru
 26532 | Swamp:4  | Got a shimmering broad axe {god gift}
 26914 | Swamp:4  | Reached skill level 19 in Axes
 27077 | Swamp:4  | Got a decaying rune of Zot
 27294 | D:9      | Identified the +1 broad axe "Neittidu" {drain, rElec MP+9 Str-5} (Okawaru gifted it to you on level 4 of the Swamp)
 27546 | D:12     | Reached XP level 16. HP: 147/147 MP: 16/16
 27608 | D:12     | Received a gift from Okawaru
 28240 | D:12     | Reached skill level 15 in Fighting
 28513 | D:12     | Noticed a tengu reaver
 28533 | D:12     | Killed a tengu reaver
 28533 | D:12     | Received a gift from Okawaru
 29372 | D:13     | Found a gate to the Vaults.
 29445 | D:13     | Reached skill level 15 in Armour
 29726 | D:13     | Found Dufat's Weapon Shoppe.
 30297 | D:14     | Found a labyrinth entrance.
 30304 | Lab      | Entered a labyrinth
 30774 | Lab      | Got a transparent hand axe
 30839 | D:14     | Received a gift from Okawaru
 30896 | D:14     | Noticed Kirke
 30907 | D:14     | Killed Kirke
 30924 | D:14     | Identified a scroll of acquirement
 31388 | D:14     | Received a gift from Okawaru
 31409 | D:14     | Got a dazzling ring mail {god gift}
 31421 | D:14     | Identified the +5 ring mail of the Circus Animal {rPois rN+ Dex+4 Slay-5} (Okawaru gifted it to you on level 14 of the Dungeon)
 31627 | D:15     | Entered Level 15 of the Dungeon
 31905 | D:15     | Found a staircase to the Depths.
 32199 | D:15     | Reached XP level 17. HP: 158/158 MP: 17/17
 32247 | D:15     | Reached skill level 15 in Shields
 32359 | D:15     | Noticed Azrael
 32373 | D:15     | Killed Azrael
 32510 | D:15     | Got a vibrating golden ring
 32512 | D:15     | Identified the ring of Activism {rElec rPois Str+7} (You acquired it on level 15 of the Dungeon)
 32719 | Elf:1    | Entered Level 1 of the Elven Halls
 33166 | Elf:1    | Received a gift from Okawaru
 33203 | Elf:1    | Got a transparent ring mail {god gift}
 33215 | Elf:1    | Identified the +0 ring mail "Hyethr Eranoss" {rElec Stlth+} (Okawaru gifted it to you on level 1 of the Elven Halls)
 33374 | Elf:1    | Found a frozen archway.
 33435 | IceCv    | Entered an ice cave
 33774 | IceCv    | Got a pair of slimy gloves
 33801 | IceCv    | Identified the cursed +0 pair of gloves of the Blizzard {+Blink rF++ MR+} (You found it in an ice cave)
 34182 | Elf:1    | Got a pair of pitted gloves
 34195 | Elf:1    | Identified the cursed +0 pair of gloves of the Crypt {rN+ SInv} (You found it on level 1 of the Elven Halls)
 34235 | Elf:1    | Noticed dvd's ghost (adept MiFi)
 34263 | Elf:1    | Killed dvd's ghost
 34312 | Elf:1    | Reached skill level 1 in Evocations
 34321 | Elf:1    | Received a gift from Okawaru
 35026 | Elf:1    | Identified the +6 hand axe of Earthquakes {chop, Str+4} (You found it in a labyrinth)
 35059 | Elf:2    | Found Jodd's Antique Weapon Emporium.
 35235 | Elf:2    | Found Pegiheam's Jewellery Boutique.
 35243 | Elf:2    | Received a gift from Okawaru
 35376 | Elf:2    | Found Buril's Weapon Shop.
 35481 | Elf:2    | Reached skill level 15 in Dodging
 35567 | Elf:2    | Found a runed gate.
 35567 | Elf:2    | Found a runed gate.
 35567 | Elf:2    | Found a runed gate.
 35575 | Elf:2    | Found Coynk's Antique Armour Shop.
 35625 | Elf:2    | Found Binlonui's Jewellery Boutique.
 36020 | Elf:2    | Reached XP level 18. HP: 168/168 MP: 19/21
 36557 | Elf:2    | Received a gift from Okawaru
 36614 | Elf:3    | Entered Level 3 of the Elven Halls
 36763 | Elf:3    | Noticed Mara
 36766 | Elf:3    | Noticed Kit's illusion
 36778 | Elf:3    | Killed Mara
 36778 | Elf:3    | Received a gift from Okawaru
 36802 | Elf:3    | Got a shimmering crystal plate armour {god gift}
 36814 | Elf:3    | Identified the +1 crystal plate armour of the Eternal Void {rF+ rC+} (Okawaru gifted it to you on level 3 of the Elven Halls)
 36968 | Elf:3    | Found Uwnigr Ivyr's Magic Scroll Boutique.
 36993 | Elf:3    | Bought a scroll of fog for 22 gold pieces
 36993 | Elf:3    | Bought a scroll of amnesia for 38 gold pieces
 36993 | Elf:3    | Bought a scroll of identify for 22 gold pieces
 37037 | Elf:3    | Noticed Saint Roka
 37055 | Elf:3    | Killed from afar by a deep elf sorcerer

Skill      XL: |  1  2  3  4  5  6  7  8  9 10 11 12 13 14 15 16 17 18 |
---------------+-------------------------------------------------------+-----
Axes           | 3 4 5 7 9 11 13 15 16 17 19 | 19.0
Armour         | 4 5 6 7 8 9 10 11 12 13 14 15 16 | 16.9
Shields        | 4 5 6 7 8 9 10 12 13 14 16 17 | 17.4
Fighting       | 4 5 6 7 8 9 10 12 13 14 16 17 | 17.2
Dodging        | 1 2 3 5 6 7 9 10 11 12 13 14 15 | 15.4
Evocations     | 2 4 |  4.0

Action                   |  1- 3 |  4- 6 |  7- 9 | 10-12 | 13-15 | 16-18 || total
-------------------------+-------+-------+-------+-------+-------+-------++-------
Melee: War axe           |    83 |   125 |   400 |   145 |       |       ||   753
       Headbutt          |    12 |    26 |    87 |   149 |   669 |   333 ||  1276
       Battleaxe         |       |       |       |   370 |       |       ||   370
       Hand axe          |       |       |       |    87 |  1710 |   280 ||  2077
       Broad axe         |       |       |       |       |     8 |   807 ||   815
Invok: Heroism           |       |       |       |     3 |    30 |    10 ||    43
       Finesse           |       |       |       |       |     1 |     1 ||     2
 Abil: Evoke Flight      |       |       |       |       |       |     1 ||     1
       Evoke Blink       |       |       |       |       |       |     1 ||     1
Evoke: Wand              |       |       |     1 |     1 |       |     3 ||     5
       Box of beasts     |       |       |       |       |     1 |       ||     1
  Use: Scroll            |       |     7 |     5 |     4 |    13 |    22 ||    51
       Potion            |       |       |     1 |     1 |     3 |     6 ||    11
 Stab: Confused          |       |       |       |       |     3 |       ||     3
  Eat: Chunk             |     1 |     6 |     9 |    18 |    24 |    17 ||    75
       Pizza             |       |     1 |       |     1 |     1 |     2 ||     5
       Beef jerky        |       |     2 |     1 |       |     3 |     1 ||     7
       Bread ration      |       |       |     1 |       |       |       ||     1
       Fruit             |       |       |       |     3 |    18 |       ||    21
       Royal jelly       |       |       |       |     1 |       |       ||     1
       Meat ration       |       |       |       |       |       |     2 ||     2
Armor: Scale mail        |    52 |    36 |       |       |       |       ||    88
       Chain mail        |       |     5 |   123 |   262 |  1003 |   272 ||  1665
       Crystal plate arm |       |       |       |       |       |     3 ||     3
Dodge: Dodged            |    34 |    48 |    90 |   320 |  1355 |   428 ||  2275
Block: Shield            |    60 |    56 |   173 |   157 |  1349 |   636 ||  2431
